 Dungeon Crawl Stone Soup version 0.31-a0-1616-gbeaec30b81 (webtiles) character file.

Game seed: 6386543101869306458

5382 mopl the Martial Artist (level 10, -1/68 HPs)
             Began as an Octopode Shapeshifter on Jan 10, 2024.
             Was a Believer of Uskayaw.
             Slain by Joseph
             ... wielding a +1 spectral quarterstaff
              (18 damage)
             ... on level 7 of the Dungeon.
             The game lasted 00:12:25 (8002 turns).

mopl the Martial Artist (Octopode Shapeshifter)     Turns: 8002, Time: 00:12:25

Health: -1/68      AC:  1    Str: 20    XL:     10   Next: 66%
Magic:  13/13      EV: 14    Int: 12    God:    Uskayaw [**....]
Gold:   696        SH: 18    Dex: 22    Spells: 9/9 levels left

rFire   + .          .
                       - Unarmed
rCold   . . .        o - +0 tower shield
rNeg    . . .        (helmet currently unavailable)
rPois   .            k - amulet of reflection
rElec   .            s - +6 ring of strength
rCorr   .            w - ring of see invisible
SInv    +            H - ring of protection from fire
Will    .....        R - +6 ring of dexterity
Stlth   +++          (no ring)
HPRegen 0.31/turn    (no ring)
MPRegen 0.13/turn    (no ring)
                     (no ring)

%: reflection
@: beast-form
A: beast (slay +4), almost no armour, amphibious, 8 rings, camouflage 1,
gelatinous body 1, (nimble swimmer 1), tentacles
a: Begin Untransformation, Renounce Religion, Stomp, Line Pass


You were on level 7 of the Dungeon.
You worshipped Uskayaw.
Uskayaw was noncommittal.
You were a hulking beast.
You visited 1 branch of the dungeon, and saw 8 of its levels.
You also visited: Sewer and Ossuary.

You collected 696 gold pieces.

Inventory:

Hand Weapons
 m - the +4 spear "Xokeyn" {holy, rC+ Str+4 Int-5 Stlth+}
   (You found it on level 2 of the Dungeon)

   Str+4:     It affects your strength (+4).
   Int-5:     It affects your intelligence (-5).
   rC+:       It protects you from cold.
   Stlth+:    It makes you more stealthy.
Missiles
 i - a throwing net (quivered)
 y - 18 poisoned darts
Armour
 o - a +0 tower shield (worn)
 F - a +2 hat
Jewellery
 k - an amulet of reflection (around mantle)
 s - a +6 ring of strength (left tentacle)
 w - a ring of see invisible (right tentacle)
 H - a ring of protection from fire (on tentacle)
 K - an amulet of guardian spirit
 R - a +6 ring of dexterity (on tentacle)
Talismans
 b - a beast talisman
 c - a flux talisman
Wands
 q - a wand of flame (16)
 u - a wand of digging (4)
 L - a wand of charming (19)
 N - a wand of roots (7)
Scrolls
 d - 2 scrolls of amnesia {unknown}
 e - 2 scrolls of immolation {unknown}
 f - 2 scrolls of torment {unknown}
 h - 3 scrolls of vulnerability {unknown}
 j - a scroll of enchant weapon {unknown}
 p - a scroll of blinking {unknown}
 t - 4 scrolls of teleportation {unknown}
 v - 2 scrolls of brand weapon {unknown}
 x - 2 scrolls of butterflies {unknown}
 C - a scroll of enchant armour {unknown}
 E - 2 scrolls of revelation {unknown}
 J - 3 scrolls of poison {unknown}
 O - a scroll of fear {unknown}
Potions
 a - a potion of lignification {!q}
 g - 4 potions of brilliance {unknown}
 l - 3 potions of attraction {unknown}
 n - a potion of mutation {!q}
 r - 3 potions of might {unknown}
 z - 5 potions of curing {unknown}
 A - 3 potions of magic
 B - 3 potions of heal wounds {unknown}
 D - a potion of ambrosia
 G - a potion of resistance
 I - 3 potions of haste
 M - 2 potions of enlightenment {unknown}
 P - 2 potions of degeneration {unknown}
 Q - a potion of invisibility {unknown}


   Skills:
 + Level 5.7 Fighting
 + Level 6.1 Dodging
 * Level 8.7 Unarmed Combat
 + Level 5.3 Invocations
 + Level 4.4 Evocations
 * Level 8.1 Shapeshifting


You had 9 spell levels left.
You didn't know any spells.
Your spell library contained the following spells:

 Spells                   Type           Power      Damage    Failure   Level
 Apportation              Tloc           0%         N/A       98%         1
 Cigotuvi's Dreadful Rot  Necr/Alch/Air  0%         N/A       99%         2
 Jinxbite                 Hex            0%         N/A       99%         2
 Fugue of the Fallen      Necr           0%         N/A       100%        3
 Gell's Gravitas          Tloc           0%         N/A       100%        3
 Ozocubu's Armour         Ice            0%         N/A       100%        3
 Summon Ice Beast         Ice/Summ       0%         N/A       100%        3
 Teleport Other           Tloc           0%         N/A       100%        3
 Dispel Undead            Necr           0%         3d6       100%        4
 Manifold Assault         Tloc           0%         N/A       100%        4
 Martyr's Knell           Necr/Summ      0%         N/A       100%        4
 Alistair's Intoxication  Alch           0%         N/A       100%        5
 Summon Mana Viper        Hex/Summ       0%         N/A       100%        5
 Death Channel            Necr           0%         N/A       100%        6
 Dispersal                Tloc           0%         N/A       100%        6
 Monstrous Menagerie      Summ           0%         N/A       100%        7


Dungeon Overview and Level Annotations

Branches:
Dungeon (8/15)             Temple (0/1) D:7           Sewer (visited)
Ossuary (visited)
   Lair: D:8-11

Altars:
Cheibriados
Makhleb
Ru
Sif Muna
Uskayaw
Xom
Yredelemnul

Shops:
D:2 =   D:5 (

Annotations:
D:6 2 transporters
D:7 Joseph
D:8 exclusions: ice statue and orange crystal statue


Innate Abilities, Weirdness & Mutations

You are a hulking beast.
Your limbs bulge with bestial killing power. (Slay +4)
You cannot wear most types of armour.
You are amphibious.
You can wear up to eight rings at the same time.
Your skin changes colour to match your surroundings (Stealth+).
Your rubbery body absorbs attacks. (AC +1, EV +1)
((You are camouflaged when in or above water. (Stealth+)))
You have tentacles for arms and can constrict up to eight enemies at once.


Message History

The orc warrior is almost dead.
You constrict the orc warrior.
An orc comes into view. It is wielding a +0 dagger.
A centaur comes into view.
You block the orc warrior's attack.
Joseph unwields a +2 sling of freezing.
Joseph wields a +1 spectral quarterstaff.
Joseph hits you with a +1 spectral quarterstaff!!
You block the +1 spectral quarterstaff's attack.
A +1 spectral quarterstaff comes into view.
Unknown command.
You release your grip on the orc warrior.
The orc warrior attacks as it pursues you!
You block the orc warrior's attack.
There is a stone staircase leading up here.
Unknown command.
You closely miss the orc warrior.
The centaur shouts!
Your grab misses the orc warrior.
The orc warrior is almost dead.
You hear a croak.
The centaur wields a +0 orcbow.
The centaur shoots an arrow.
You block the arrow with an invisible shield... and reflect it back!
The arrow barely misses the centaur.
Joseph says, "I'm happy to see you. And I'll be happy to kill you."
The orc warrior hits you with a +0 flail!
The centaur shoots an arrow.
You block the arrow with an invisible shield... and reflect it back!
The arrow barely misses the centaur.
The +1 spectral quarterstaff disappears.
Joseph barely misses you. The +1 spectral quarterstaff hits you!
You block the orc warrior's attack.
The centaur shoots an arrow.
The arrow hits you!
* * * LOW HITPOINT WARNING * * *
You climb upwards.
The +1 spectral quarterstaff disappears.
There is a stone staircase leading down here.
You batter the orc warrior!!
You kill the orc warrior!
Joseph hits you with a +1 spectral quarterstaff!!
You die...

..## #..## #..## ##..## .##
#..# ##..# #..## ## ##..##
#..## ##..# ##
##....#####..# ##..##
.#####.(..........###..##
..##...............##..#
##)))................)##
###.)..............)).##
#.####........h.###...##
##...........)@## ##...##
##...........## ##...#
#....#.......# ##).## ###
##...........## ##..###.#
###.....##...########....##
#....####...............#
#####..###
##...........##.## #...####
#.............#.#


You could see Joseph.

Vanquished Creatures
  Gastronok (D:8)
  Pikel (D:6)
  Maggie (D:7)
  Psyche (D:8)
  A wyvern (D:7)
  Eustachio (D:6)
  A steam dragon (D:8)
  A water moccasin (D:6)
  Duvessa (D:6)
  A sky beast (D:7)
  Pargi (Sewer)
  An orc warrior (D:7)
  2 ice beasts (D:7)
  3 ogres (D:5)
  2 centaurs (D:7)
  2 phantoms
  2 lemures (D:5)
  2 kobold brigands
  Blork the orc (D:4)
  A brain worm (Sewer)
  2 bullfrogs
  4 scorpions
  Dowan (D:6)
  3 killer bees (D:7)
  3 bombardier beetles
  A howler monkey (D:8)
  4 hounds
  An orc priest (D:3)
  2 jellies
  8 iguanas
  Jessica (D:2)
  Terence (D:3)
  An orc wizard (D:7)
  9 mummies
  5 gnolls
  9 adders
  2 white imps
  4 ufetubi
  2 ribbon worms
  2 dart slugs
  14 orcs
  7 ball pythons
  7 endoplasms
  3 giant cockroaches
  A gnoll zombie (Ossuary)
  11 hobgoblins
  8 jackals
  16 kobolds
  3 quokkas
  11 bats
  4 frilled lizards
  3 goblins
  3 hobgoblin zombies (Ossuary)
  3 kobold zombies (Ossuary)
  An orc zombie (Ossuary)
  3 rats (D:3)
190 creatures vanquished.

Vanquished Creatures (others)
  An orc wizard (D:8)
1 creature vanquished.

Grand Total: 191 creatures vanquished

Notes
Turn   | Place    | Note
-------+----------+-------------------------------------------
     0 | D:1      | mopl the Octopode Shapeshifter began the quest for the Orb.
     0 | D:1      | Reached XP level 1. HP: 13/13 MP: 1/1
   175 | D:1      | Reached XP level 2. HP: 11/18 MP: 2/2
   596 | D:1      | Reached XP level 3. HP: 11/23 MP: 3/3
  1092 | D:2      | Found a burning altar of Makhleb.
  1125 | D:2      | Noticed Jessica
  1129 | D:2      | Killed Jessica
  1130 | D:2      | Reached XP level 4. HP: 28/28 MP: 4/4
  1288 | D:2      | Found Cecuf's One-of-a-Kind Rings.
  1288 | D:2      | Identified the +4 spear "Xokeyn" {holy, rC+ Str+4 Int-5
                  | Stlth+}
  1774 | D:3      | Noticed Terence
  1782 | D:3      | Killed Terence
  1879 | D:3      | Reached skill level 4 in Unarmed Combat
  1885 | D:3      | Reached skill level 2 in Fighting
  1885 | D:3      | Reached skill level 4 in Shapeshifting
  1885 | D:3      | Reached XP level 5. HP: 11/34 MP: 5/5
  2617 | D:4      | Found a hide-covered altar of Uskayaw.
  2635 | D:4      | Reached skill level 3 in Dodging
  2635 | D:4      | Reached XP level 6. HP: 15/40 MP: 6/6
  2658 | D:4      | Became a worshipper of Uskayaw the Reveller
  2804 | D:4      | Reached * piety under Uskayaw
  2829 | D:4      | Noticed Blork the orc
  2833 | D:4      | Reached ** piety under Uskayaw
  2836 | D:4      | Reached *** piety under Uskayaw
  2838 | D:4      | Killed Blork the orc
  2839 | D:4      | Reached skill level 1 in Invocations
  2969 | D:4      | Found a shimmering altar of Xom.
  3076 | D:4      | Reached XP level 7. HP: 45/45 MP: 7/7
  3188 | D:5      | Entered Level 5 of the Dungeon
  3194 | D:5      | Reached skill level 5 in Unarmed Combat
  3231 | D:5      | Found a sand-covered staircase.
  3247 | Ossuary  | Entered an ossuary
  3512 | Ossuary  | Reached skill level 3 in Fighting
  3512 | Ossuary  | Reached skill level 5 in Shapeshifting
  3514 | Ossuary  | Reached **** piety under Uskayaw
  3698 | D:5      | Found a basalt altar of Yredelemnul.
  3706 | D:5      | You fall into a shaft and drop 1 floor!
  3708 | D:6      | Found a transporter.
  3714 | D:6      | Noticed an orc high priest
  3813 | D:6      | Noticed Eustachio
  3824 | D:6      | Killed Eustachio
  3825 | D:6      | Reached skill level 2 in Invocations
  3842 | D:6      | Reached XP level 8. HP: 45/52 MP: 9/9
  3845 | D:6      | Found a glowing drain.
  3849 | Sewer    | Entered a sewer
  3888 | Sewer    | Noticed Pargi
  3896 | Sewer    | Killed Pargi
  3897 | Sewer    | Reached skill level 4 in Dodging
  4096 | D:6      | Found a transporter.
  4099 | D:6      | Noticed a kobold demonologist
  4130 | D:6      | Noticed a kobold demonologist
  4134 | D:6      | Noticed Dowan
  4136 | D:6      | Noticed Duvessa
  4165 | D:6      | Killed Duvessa
  4166 | D:6      | Reached skill level 6 in Unarmed Combat
  4167 | D:6      | Killed Dowan
  4430 | D:6      | Reached skill level 1 in Evocations
  4467 | D:6      | Reached skill level 3 in Invocations
  4470 | D:6      | Reached skill level 6 in Shapeshifting
  4473 | D:6      | Reached skill level 4 in Fighting
  4694 | D:6      | Noticed Pikel
  4717 | D:5      | Found Tockuzxo's Antique Weapon Emporium.
  4719 | D:5      | Reached XP level 9. HP: 49/58 MP: 11/11
  4777 | D:5      | Reached skill level 2 in Evocations
  4958 | D:6      | Killed Pikel
  4959 | D:6      | Reached skill level 7 in Unarmed Combat
  5137 | D:5      | Identified the +5 quarterstaff "Fegufab" {antimagic, *Noise
                  | ^Drain Int+7 Dex+2}
  5200 | D:5      | Reached skill level 5 in Dodging
  5229 | D:5      | Found a sacrificial altar of Ru.
  5322 | D:5      | Reached skill level 4 in Invocations
  5566 | D:5      | Found a shimmering blue altar of Sif Muna.
  5628 | D:5      | Reached skill level 3 in Evocations
  5761 | D:7      | Noticed Maggie
  5774 | D:7      | Killed Maggie
  5775 | D:7      | Reached skill level 7 in Shapeshifting
  6064 | D:7      | Reached skill level 5 in Fighting
  6287 | D:7      | Reached XP level 10. HP: 43/66 MP: 7/13
  6393 | D:7      | Reached skill level 8 in Unarmed Combat
  6816 | D:7      | Found a staircase to the Ecumenical Temple.
  7328 | D:8      | Noticed Psyche
  7331 | D:8      | Noticed Gastronok
  7335 | D:8      | Killed Psyche
  7336 | D:8      | Reached skill level 4 in Evocations
  7349 | D:8      | Killed Gastronok
  7349 | D:8      | Reached ***** piety under Uskayaw
  7350 | D:8      | Reached skill level 6 in Dodging
  7350 | D:8      | Reached skill level 5 in Invocations
  7350 | D:8      | Reached skill level 8 in Shapeshifting
  7690 | D:8      | Noticed an orange crystal statue
  7732 | D:8      | Found a snail-covered altar of Cheibriados.
  7876 | D:8      | Noticed Joseph
  7879 | D:8      | Noticed an ice statue
  8002 | D:7      | Slain by Joseph

Illustrated notes

Levels and vault maps discovered:
D:1:      moated_graveyard_arrival, layout_loops_corners
D:2:      layout_loops_corners, basic_altar, nicolae_shop_unique_rings,
          feat_on_display, uniq_jessica
D:3:      layout_loops_corners, uniq_terence
D:4:      layout_rooms, nicolae_uskayaw_suspiria, lemuel_round_altar,
          kennysheep_generic_room_2, uniq_blork_the_orc
D:5:      layout_loops_ring, lemuel_crystal_altar,
          mainiacjoe_overflow_catwalk_spiral, gup_ossuary_entry_pyramid,
          serial_shops, nicolae_take_the_stairs, minmay_misc_feat_diagonals,
          kennysheep_generic_room_10
D:6:      gammafunk_wand_slinger, layout_gridville,
          mainiacjoe_sewer_entry_somewhere_in_here_2,
          minmay_fractal_squares_diagonal_5, uniq_duvessa, uniq_pikel,
          uniq_eustachio
D:7:      layout_layer_cave, minmay_temple_entry_drinking_statues, uniq_maggie
D:8:      minmay_separated_statues, layout_cave_pools, chei_slow_surprise,
          grunt_tough_drop, uniq_psyche, uniq_gastronok, uniq_joseph

Skill      XL: |  1  2  3  4  5  6  7  8  9 10 |
---------------+-------------------------------+-----
Unarmed Combat | 4 5 6 7 8 |  8.7
Fighting       | 2 3 4 5 |  5.7
Shapeshifting  | 4 5 6 7 8 |  8.1
Dodging        | 3 4 5 6 |  6.1
Invocations    | 1 2 3 4 5 |  5.3
Evocations     | 1 3 4 |  4.4

Action                     |  1- 3 |  4- 6 |  7- 9 | 10-12 || total
---------------------------+-------+-------+-------+-------++-------
  Melee: Unarmed           |    48 |   102 |   206 |    57 ||   413
         Constrict         |     9 |    30 |    52 |    13 ||   104
         Tentacles         |     6 |    30 |    52 |    16 ||   104
         Punch             |     1 |     2 |    11 |     4 ||    18
  Evoke: Wand              |       |       |       |     4 ||     4
    Use: Scroll            |       |       |     4 |     1 ||     5
         Potion            |       |       |       |     1 ||     1
   Stab: Sleeping          |     3 |     9 |    11 |     2 ||    25
         Paralysed         |       |     1 |    12 |     5 ||    18
 Armour: Skin              |    17 |    31 |    75 |    37 ||   160
  Dodge: Dodged            |    30 |    24 |    69 |    22 ||   145
  Block: Tower shield      |       |    83 |   108 |    56 ||   247
         Other             |       |     4 |       |       ||     4
         Reflection        |       |     1 |       |     3 ||     4

Table legend: (Time is in decaauts)
 A = Elapsed time spent in this place.
 B = Non-inter-level travel time spent in this place.
 C = Inter-level travel time spent in this place.
 D = Time resting spent in this place.
 E = Time spent auto-exploring this place.
 F = Levels seen in this place.
 G = Mean time per level.
                   A        B        C        D        E       F      G
               +--------+--------+--------+--------+--------+-----+--------+
         Total |   8105 |   7832 |    273 |   1447 |   4721 |  10 |  810.5 |
       Dungeon |   7590 |   7317 |    273 |   1325 |   4611 |   8 |  948.8 |
         Sewer |    108 |    108 |      0 |      0 |      0 |   1 |  108.0 |
       Ossuary |    406 |    406 |      0 |    122 |    110 |   1 |  406.0 |
               +--------+--------+--------+--------+--------+-----+--------+

Top non-repeatable levels by time:
     D:7: 1508 daAuts
     D:6: 1260 daAuts
     D:5: 1013 daAuts
     D:3: 893 daAuts
     D:2: 872 daAuts
     D:1: 820 daAuts
     D:4: 631 daAuts
     D:8: 590 daAuts
 Ossuary: 406 daAuts
   Sewer: 108 daAuts
